 Dungeon Crawl Stone Soup version 0.29.0-11-gd7f09526c8 (webtiles) character file.

Game seed: 17936139471461704600

324517 DocSulfur the Tortoise (level 20, -26/179 (180) HPs)
             Began as a Minotaur Berserker on Sept 5, 2022.
             Was a High Priest of Trog.
             Killed from afar by a deep elf annihilator (45 damage)
             ... with an iron shot
             ... on level 3 of the Elven Halls.
             The game lasted 03:37:23 (43714 turns).

DocSulfur the Tortoise (Minotaur Berserker)        Turns: 43714, Time: 03:37:25

HP:   -26/179 (180) AC: 38    Str: 32    XL:     20   Next: 71%
MP:   19/19         EV: 17    Int:  8    God:    Trog [*****.]
Gold: 189           SH: 15    Dex: 13    Spells: 19/19 levels left

rFire   + . .      SeeInvis +   l - +9 broad axe (vorpal)
rCold   + + +      Faith    .   M - +2 kite shield {rC+}
rNeg    . . .      Spirit   .   Y - +0 crystal plate armour {rC+}
rPois   .          Reflect  .   u - +3 crown of Dyrovepreva {rElec Int+2 SInv}
rElec   +          Harm     .   s - +2 cloak {rC+}
rCorr   .          Rampage  +   B - +0 pair of gloves of the Dwarven Hall {rF+ Str+6}
Will    +++..                   U - +1 pair of boots {rampage}
Stlth   ..........              V - amulet of regeneration
HPRegen 2.19/turn               X - +4 ring of slaying
MPRegen 0.16/turn               k - +4 ring of evasion

@: strong-willed, regenerating, studying Armour, lightly drained
A: horns 2, retaliatory headbutt
}: 2/15 runes: barnacled, gossamer
a: Renounce Religion, Berserk, Trog's Hand, Brothers in Arms


You were on level 3 of the Elven Halls.
You worshipped Trog.
Trog was extremely pleased with you.
You visited 6 branches of the dungeon, and saw 33 of its levels.
You visited the Abyss 1 time.
You also visited: Sewer, Ossuary, Ice Cave and Wizlab.

You collected 3096 gold pieces.
You spent 2907 gold pieces at shops.

Inventory:

Hand Weapons
 c - a +9 antimagic eveningstar
 j - the +13 eveningstar of the Moon {vorpal, rElec rF++ rC- Will+ Str-5}
   (Trog gifted it to you on level 2 of the Orcish Mines)

   It inflicts extra damage upon your enemies.
   Str:       It affects your strength (-5).
   rF:        It greatly protects you from fire.
   rC:        It makes you vulnerable to cold.
   rElec:     It insulates you from electricity.
   Will:      It increases your willpower.
 l - a +9 vorpal broad axe (weapon)
Missiles
 a - 47 boomerangs
 r - 15 javelins (quivered)
 t - a curare-tipped dart
 J - 11 silver boomerangs
 P - 2 boomerangs of dispersal
 R - 17 silver javelins
 S - 12 throwing nets
Armour
 s - a +2 cloak of cold resistance (worn)
 u - the +3 crown of Dyrovepreva (worn) {rElec Int+2 SInv}
   (You acquired it on level 4 of the Shoals)

   Int:       It affects your intelligence (+2).
   rElec:     It insulates you from electricity.
   SInv:      It lets you see invisible.
 B - the +0 pair of gloves of the Dwarven Hall (worn) {rF+ Str+6}
   (You found it on level 13 of the Dungeon)

   Str:       It affects your strength (+6).
   rF:        It protects you from fire.
 M - a +2 kite shield of cold resistance (worn)
 U - a +1 pair of boots of rampaging (worn)
 Y - a +0 crystal plate armour of cold resistance (worn)
Jewellery
 i - a ring of poison resistance
 k - a +4 ring of evasion (right hand)
 E - a ring of resist corrosion
 H - a ring of see invisible
 T - a ring of willpower
 V - an amulet of regeneration (around neck)
 X - a +4 ring of slaying (left hand)
Wands
 x - a wand of digging (6)
 G - a wand of roots (17)
 I - a wand of quicksilver (19)
Scrolls
 e - 26 scrolls of teleportation
 f - 2 scrolls of silence
 n - 6 scrolls of fear
 o - 10 scrolls of immolation
 p - 6 scrolls of summoning
 v - 13 scrolls of magic mapping
 y - 4 scrolls of brand weapon
 D - 11 scrolls of butterflies
 F - 4 scrolls of blinking
 N - 5 scrolls of poison
 O - 2 scrolls of acquirement
 Q - 3 scrolls of enchant armour
Potions
 b - 7 potions of flight
 h - 4 potions of haste
 m - 18 potions of curing
 q - 9 potions of attraction
 w - 3 potions of lignification
 z - 11 potions of ambrosia
 A - 5 potions of might
 C - 12 potions of mutation
 K - 12 potions of invisibility
 W - 5 potions of heal wounds
 Z - 4 potions of cancellation
Miscellaneous
 d - a phantom mirror
 g - a phial of floods
 L - a tin of tremorstones (2/2)


   Skills:
 - Level 16.0 Fighting
 - Level 17.2(18.0) Axes
 - Level 8.8(14.0) Maces & Flails
 - Level 16.0 Throwing
 + Level 19.4 Armour
 + Level 16.8 Dodging
 - Level 16.0 Shields
 - Level 10.0 Evocations


You had 19 spell levels left.
You didn't know any spells.
Your spell library contained the following spells:

 Spells                   Type           Power      Damage    Failure   Level
 Static Discharge         Conj/Air       0%         3-3/arc   100%        2
 Ignite Poison            Fire/Tmut/Pois 0%         N/A       100%        3
 Ozocubu's Armour         Ice            0%         N/A       100%        3
 Spider Form              Tmut/Pois      0%         N/A       100%        3
 Dispel Undead            Necr           0%         3d6       100%        4
 Hailstorm                Conj/Ice       0%         3d3       100%        4
 Ice Form                 Ice/Tmut       0%         N/A       100%        4
 Sticky Flame             Conj/Fire      0%         2d3       100%        4
 Fireball                 Conj/Fire      0%         3d3       100%        5
 Simulacrum               Ice/Necr       0%         N/A       100%        6
 Starburst                Conj/Fire      0%         6d3       100%        6
 Ozocubu's Refrigeration  Ice            0%         4d7       100%        7
 Ignition                 Fire           0%         3d3       100%        8


Dungeon Overview and Level Annotations

Branches:
Dungeon (15/15)            Temple (0/1) D:4            Lair (5/5) D:11
 Shoals (4/4) Lair:3       Spider (4/4) Lair:3        Slime (0/5) Lair:4
    Orc (2/2) D:10            Elf (3/3) Orc:2        Vaults (0/5) D:13
 Depths (0/4) D:15          Sewer (visited)         Ossuary (visited)
  IceCv (visited)          WizLab (visited)

Altars:
Cheibriados
Elyvilon
Hepliaklqana
Kikubaaqudgha
Makhleb
Nemelex Xobeh
Okawaru
Qazlal
Trog
Xom
Zin
Jiyva

Shops:
D:4 *[(?   D:5 :!   D:6 :*[:   Orc:2 ![=[   Elf:1 *?=   Elf:2 :   Elf:3 :
Shoals:1 =!   Shoals:3 *

Annotations:
D:7 1 exclusion
D:8 exclusion: 2 downstairs
Lair:2 1 runed translucent door


Innate Abilities, Weirdness & Mutations

You have a pair of horns on your head.
You reflexively headbutt those who attack you in melee.


Message History

You hit the earth elemental but do no damage.
The grasping roots constrict the deep elf sorcerer!
The lost soul assumes the form of the deep elf sorcerer and becomes anchored to this world!
The grasping roots constrict the ghostly deep elf death mage!
The grasping roots constrict the earth elemental, but do no damage.
The roots release their grip on the ghostly deep elf sorcerer.
The deep elf elementalist gestures next to you while chanting.
Some walls begin to move on their own!
The deep elf sorcerer points at you and mumbles some strange words.
The bolt of acid misses you.
The deep elf annihilator gestures wildly while chanting.
The deep elf annihilator blinks!
The deep elf annihilator gestures at you while chanting.
The poison arrow misses you.
The poison arrow hits the earth elemental!
The earth elemental partially resists.
The ghostly deep elf death mage beckons forth a restless soul!
The deep elf sorcerer casts a spell.
The deep elf sorcerer seems to speed up.
The deep elf elementalist casts a spell next to you.
Some walls begin to move on their own!
The earth elemental barely misses you.
Blink to where?
Press: ? - help, Dir - move target, p - earth elemental
As you read the scroll of blinking, it crumbles to dust.
The grasping roots constrict the ghostly deep elf death mage.
You destroy the ghostly deep elf death mage!
Trog accepts your kill.
Trog appreciates your killing of a magic user.
The lost soul fades away!
The grasping roots constrict the earth elemental!!
You destroy the earth elemental!
The earth elemental disappears in a puff of smoke!
The deep elf sorcerer points at you and mumbles some strange words.
The sphere of damnation explodes!
The damnation engulfs you!!!
* * * LOW HITPOINT WARNING * * *
The deep elf elementalist points at you and mumbles some strange words.
Some walls begin to move on their own!
The deep elf annihilator casts a spell at you.
The iron shot hits you!!!
You die...

.####........###......E..§..####.
....'.........##.....EEe.....e.e.
#####..........#....e.Eee##..####
##............e)§e.# #..#
##............e§eE# #..#
##...........)e.E# #..#
###''####....E..# #..#
#..###.E....E#####..####
##....E'@.....+..........
########...###.......+..........
#.........## ###.....####.######
#.........########'######'####
#.######...........##........##
##..# ###'#########..'.........##
....###........####..'.......)..'
##..##.........<+...##..........'
#..#...........###.##.........##


You could see 2 deep elf annihilators, 3 deep elf sorcerers, a ghostly deep elf
sorcerer (empowered), a deep elf elementalist (fast, empowered, repels
missiles), a deep elf high priest (brilliance aura) and 9 earth elementals.

Vanquished Creatures
  A deep elf master archer (Elf:3)
  2 deep elf blademasters
  Asterion (Elf:1)
  3 sphinxes (Shoals:4)
  Gastronok (Orc:1)
  2 emperor scorpions (Spider:4)
  A cacodemon (WizLab)
  3 ghost moths
  An orc warlord (Orc:2)
  3 deep elf elementalists
  2 deep elf demonologists
  7 broodmothers
  2 deep elf annihilators (Elf:3)
  The ghost of Conn the Thaumaturge, a journeyman OpFE of Sif Muna (Lair:4)
  A dire elephant (D:15)
  Azrael (D:14)
  10 entropy weavers
  Snorg (Orc:1)
  2 deep elf death magi (Elf:3)
  4 merfolk javelineers
  5 merfolk impalers
  6 boulder beetles
  A great orb of eyes (Abyss:2)
  2 vault guards (D:13)
  2 ironbound frosthearts (IceCv)
  3 merfolk avatars
  2 anacondas (Lair:5)
  4 hydras
  5 two-headed ogres
  2 centaur warriors (D:15)
  2 alligator snapping turtles
  2 jorogumos
  3 alligators (Lair:5)
  23 dancing weapons
  2 radroaches
  4 merfolk aquamancers
  12 death yaks
  10 satyrs
  A death knight (D:15)
  2 tengu warriors (D:15)
  4 orc high priests (Orc:2)
  14 deep elf knights
  Urug (Lair:2)
  5 skeletal warriors
  3 sun moths (Spider:3)
  2 wretched stars (Abyss:2)
  A death drake (shapeshifter) (Elf:2)
  7 pharaoh ants
  10 sea snakes
  A shadow demon (WizLab)
  7 steelbarb worms
  15 orb spiders
  3 deep elf archers
  2 wizards (D:14)
  19 deep elf pyromancers
  18 deep elf zephyrmancers
  A phantasmal warrior (D:15)
  4 orc knights (Orc:2)
  10 harpies
  17 fauns
  5 orc sorcerers (Orc:2)
  An oklob plant (Lair:2)
  8 ugly things
  20 wolf spiders
  28 slime creatures
  7 cyclopes
  25 manticores
  A manticore (shapeshifter) (D:14)
  An ice statue (IceCv)
  3 moths of wrath
  9 merfolk sirens
  6 elephants
  3 water nymphs
  3 torpor snails
  12 cane toads
  A cane toad (shapeshifter) (Abyss:2)
  4 smoke demons
  2 black mambas
  3 gargoyles
  3 kobold demonologists
  A hellion (WizLab)
  An unseen horror (D:12)
  2 rime drakes
  2 tormentors
  An efreet (D:14)
  An ice devil (WizLab)
  10 demonic crawlers
  3 tengu conjurers (D:15)
  8 komodo dragons
  A queen bee (D:10)
  14 polar bears
  6 wind drakes
  28 merfolk
  7 trolls
  A meliai (Spider:4)
  A tyrant leech (shapeshifter) (Elf:1)
  A hornet (Lair:5)
  Grinder (D:3)
  6 large abominations (Abyss:2)
  19 blink frogs
  26 tarantellas
  12 snapping turtles
  3 dream sheep (Shoals:4)
  24 jumping spiders
  2 air elementals
  A culicivora (shapeshifter) (Elf:2)
  3 shadows
  2 ynoxinuls (Abyss:2)
  21 culicivoras
  71 yaks
  A yak (shapeshifter) (D:13)
  12 water elementals
  6 wraiths
  8 wyverns
  4 fire elementals
  4 steam dragons
  A fire bat (shapeshifter) (D:14)
  A golden eye (Abyss:2)
  5 vampire mosquitoes
  4 basilisks
  57 redbacks
  2 neqoxecs
  A chaos spawn (WizLab)
  Edmund (D:4)
  2 wargs (Orc:2)
  3 acid dragons
  Duvessa (D:3)
  14 water moccasins
  3 hell hounds (D:14)
  59 orc warriors
  2 sky beasts
  4 black bears
  2 ice beasts (D:6)
  7 ogres
  2 small abominations (Abyss:2)
  27 wolves
  The ghost of Winsalot the Firebug, an amateur DgFE (D:3)
  10 centaurs
  3 phantoms (D:5)
  6 bullfrogs
  9 kobold brigands
  2 earth elementals (Elf:2)
  4 necrophages
  4 gnoll sergeants
  8 scorpions
  A two-headed ogre simulacrum (D:12)
  3 cane toad simulacra (D:12)
  10 wights
  Dowan (D:3)
  37 killer bees
  A vampire bat (D:13)
  5 howler monkeys
  11 electric eels
  6 crimson imps (D:7)
  6 hounds
  3 jellies
  A human zombie (Ossuary)
  36 orc priests
  4 gnoll boudas
  32 orc wizards
  A spriggan simulacrum (D:12)
  7 iguanas
  4 mummies (Ossuary)
  11 gnolls
  11 adders
  3 naga simulacra (D:12)
  3 river rats (Sewer)
  2 shadow imps
  5 white imps
  An ufetubus (D:6)
  An adder zombie (Ossuary)
  2 worms
  4 dart slugs
  115 orcs
  4 endoplasms
  5 giant cockroaches
  2 gnoll zombies (Ossuary)
  7 goblins
  4 hobgoblins
  4 jackals (D:4)
  3 quokkas (D:1)
  6 ball pythons
  13 bats
  5 frilled lizards
  A goblin zombie (Ossuary)
  A hobgoblin zombie (Ossuary)
  2 jackal zombies (Ossuary)
  45 kobolds
  2 kobold zombies (Ossuary)
  2 orc zombies (Ossuary)
  8 rats
1431 creatures vanquished.

Vanquished Creatures (collateral kills)
  Mara (Elf:3)
  A Tzitzimitl (WizLab)
  A broodmother (Spider:4)
  A minotaur (Shoals:4)
  A green death (WizLab)
  A merfolk impaler (Shoals:4)
  2 hydras
  A rakshasa (D:15)
  An alligator snapping turtle (Shoals:4)
  6 vault guards (D:13)
  3 death yaks (Lair:5)
  A soul eater (WizLab)
  A deep elf knight (D:13)
  3 sea snakes (Shoals:4)
  A deep elf archer (Elf:2)
  A sun moth (Spider:4)
  A steelbarb worm (Spider:4)
  3 orb spiders (Spider:4)
  3 deep elf pyromancers
  An orc knight (D:13)
  A wolf spider (Spider:4)
  2 manticores
  A cyclops (Shoals:4)
  A moth of wrath (shapeshifter) (D:15)
  A black mamba (Lair:5)
  2 smoke demons (WizLab)
  2 demonic crawlers (Spider:4)
  A gargoyle (D:8)
  A komodo dragon (Lair:5)
  A tormentor (WizLab)
  3 merfolk (Shoals:4)
  2 tarantellas
  A blink frog (Lair:5)
  3 culicivoras (Spider:4)
  2 jumping spiders
  2 yaks (Lair:1)
  A ynoxinul (WizLab)
  2 chaos spawn (WizLab)
  5 redbacks (Spider:4)
  A water moccasin (Lair:5)
  10 orc warriors (D:13)
  A black bear (Lair:5)
  3 orcs (D:8)
83 creatures vanquished.

Vanquished Creatures (others)
  A manticore (Shoals:2)
  A water elemental (Elf:2)
  A ynoxinul (WizLab)
  A killer bee (D:9)
  A small abomination (Abyss:2)
  2 orc wizards (Orc:2)
  3 bushes
  23 fungi
  115 plants
  8 toadstools (Lair:2)
156 creatures vanquished.

Grand Total: 1670 creatures vanquished

Notes
Turn   | Place    | Note
-------+----------+-------------------------------------------
     0 | D:1      | DocSulfur the Minotaur Berserker began the quest for the
                  | Orb.
     0 | D:1      | Reached XP level 1. HP: 19/19 MP: 0/0
   319 | D:1      | Reached XP level 2. HP: 26/26 MP: 1/1
   460 | D:1      | Found a faded altar of an unknown god.
   894 | D:2      | Reached skill level 1 in Throwing
   894 | D:2      | Reached XP level 3. HP: 31/31 MP: 2/2
  1156 | D:2      | Reached skill level 5 in Axes
  1883 | D:3      | Reached ** piety under Trog
  1884 | D:3      | Reached XP level 4. HP: 29/39 MP: 3/3
  2006 | D:3      | Found a runed translucent door.
  2272 | D:3      | Found a glowing silver altar of Zin.
  2397 | D:3      | Noticed Grinder
  2397 | D:3      | Paralysed by Grinder for 3 turns
  2408 | D:3      | Killed Grinder
  2409 | D:3      | Reached XP level 5. HP: 27/45 MP: 4/4
  2409 | D:3      | Reached XP level 6. HP: 31/51 MP: 5/5
  2670 | D:3      | Noticed Winsalot's ghost (amateur DgFE)
  2678 | D:3      | Killed Winsalot's ghost
  2702 | D:4      | Noticed Duvessa
  2702 | D:4      | Noticed Dowan
  2703 | D:4      | Noticed Edmund
  2840 | D:3      | Killed Duvessa
  2840 | D:3      | Killed Dowan
  2968 | D:4      | Reached XP level 7. HP: 57/57 MP: 6/6
  2968 | D:4      | Killed Edmund
  2969 | D:4      | Reached skill level 5 in Throwing
  3108 | D:4      | Found Zaivvy's Antique Armour Boutique.
  3123 | D:4      | Found Fapiopat's Weapon Emporium.
  3149 | D:4      | Reached skill level 1 in Maces & Flails
  3168 | D:4      | Bought 4 boomerangs for 26 gold pieces
  3483 | D:4      | Found Hoadule's Overcharged Wands.
  3600 | D:4      | Found a shimmering altar of Xom.
  3797 | D:4      | Found Saungen's Magic Scroll Shoppe.
  3800 | D:4      | Bought a scroll of identify for 26 gold pieces
  3862 | D:4      | Found a staircase to the Ecumenical Temple.
  3911 | D:5      | Entered Level 5 of the Dungeon
  3926 | D:5      | Reached XP level 8. HP: 59/64 MP: 7/7
  3992 | D:5      | Found a white marble altar of Elyvilon.
  4022 | D:5      | Found Musch's Tremendous Tomes.
  4384 | D:5      | Reached skill level 5 in Maces & Flails
  4448 | D:5      | Found a large runed translucent door.
  4448 | D:5      | Found a large runed translucent door.
  4715 | D:5      | Identified the +8 glaive "Lifebane" {spect, rPois Will+}
  4826 | D:5      | Found Tethreon's Distillery.
  4889 | D:5      | Bought a potion of heal wounds for 65 gold pieces
  5025 | D:5      | Found a stormy altar of Qazlal.
  5228 | D:5      | Found a hazy altar of Hepliaklqana.
  5283 | D:6      | Found Etipiuh's Assorted Antiques.
  5293 | D:6      | Identified the +6 short sword of Umeod {freeze, Str+5
                  | Stlth-}
  5329 | D:6      | Reached *** piety under Trog
  5387 | D:6      | Found a glowing drain.
  5401 | Sewer    | Entered a sewer
  5621 | Sewer    | Reached XP level 9. HP: 70/70 MP: 8/8
  6069 | D:6      | Found Useacyo's Book Emporium.
  6532 | D:6      | Found Achecs's Antique Armour Boutique.
  6549 | D:6      | Found Meruplot's Armour Shoppe.
  6757 | D:6      | Found Sotisuep's Book Shop.
  7592 | D:7      | Reached **** piety under Trog
  7757 | D:7      | Reached skill level 3 in Armour
  7790 | D:7      | Found an ancient bone altar of Kikubaaqudgha.
  7874 | D:7      | Reached skill level 4 in Armour
  7900 | D:7      | Reached skill level 5 in Fighting
  8563 | D:7      | Reached XP level 10. HP: 65/81 MP: 9/9
  8742 | D:7      | Found a burning altar of Makhleb.
  8742 | D:7      | Noticed a cacodemon
  9069 | D:6      | Bought a scroll of identify for 62 gold pieces
  9075 | D:6      | Bought a scroll of identify for 62 gold pieces
  9115 | D:7      | Reached skill level 5 in Armour
  9126 | D:6      | Reached ***** piety under Trog
  9458 | D:7      | Reached skill level 5 in Dodging
  9586 | D:7      | Reached skill level 6 in Armour
  9903 | D:8      | Reached skill level 7 in Armour
  9958 | D:8      | Found a sand-covered staircase.
  9963 | Ossuary  | Entered an ossuary
 10285 | D:8      | Noticed a gargoyle
 10288 | D:8      | Killed a gargoyle
 10870 | D:7      | Noticed a cyclops
 10874 | D:7      | Killed a cyclops
 11363 | D:9      | Found a sparkling altar of Nemelex Xobeh.
 11384 | D:9      | Reached XP level 11. HP: 73/95 MP: 10/10
 11407 | D:9      | Reached skill level 8 in Armour
 11638 | D:9      | Noticed a two-headed ogre
 11996 | D:9      | Killed a two-headed ogre
 12331 | D:10     | Entered Level 10 of the Dungeon
 12361 | D:10     | Noticed a sixfirhy
 12370 | D:10     | Reached skill level 9 in Armour
 12762 | D:10     | Reached skill level 10 in Fighting
 12980 | D:10     | Received a gift from Trog
 13093 | D:10     | Found a staircase to the Orcish Mines.
 13333 | D:11     | Reached skill level 10 in Armour
 13338 | D:11     | Noticed a five-headed hydra
 13713 | D:11     | Found a staircase to the Lair.
 13751 | D:11     | Reached XP level 12. HP: 87/108 MP: 11/11
 13751 | D:11     | Killed a five-headed hydra
 13831 | D:11     | Noticed a boulder beetle
 13835 | D:11     | Reached skill level 10 in Dodging
 13839 | D:11     | Reached skill level 11 in Armour
 13843 | Lair:1   | Entered Level 1 of the Lair of Beasts
 14066 | D:11     | Killed a boulder beetle
 14318 | D:11     | Noticed a two-headed ogre
 14324 | D:11     | Killed a two-headed ogre
 14661 | D:12     | Found a bloodstained altar of Trog.
 14674 | D:12     | Noticed a five-headed hydra
 14771 | D:12     | Found a frozen archway.
 14864 | IceCv    | Entered an ice cave
 15149 | IceCv    | Received a gift from Trog
 15392 | IceCv    | Reached skill level 1 in Shields
 15659 | IceCv    | Noticed a death yak
 15674 | IceCv    | Killed a death yak
 15675 | IceCv    | Reached skill level 5 in Shields
 15889 | IceCv    | Noticed a death yak
 15889 | IceCv    | Noticed a death yak
 15896 | IceCv    | Noticed a death yak
 15906 | IceCv    | Killed a death yak
 15912 | IceCv    | Killed a death yak
 15918 | IceCv    | Killed a death yak
 15919 | IceCv    | Reached XP level 13. HP: 84/118 MP: 12/12
 16319 | IceCv    | Reached skill level 10 in Axes
 16936 | D:12     | Received a gift from Trog
 17053 | D:12     | Identified the +9 flail of the Blind Eye {vorpal, Fragile
                  | Str+7}
 17267 | D:12     | Reached skill level 10 in Shields
 18885 | Lair:2   | Noticed Urug
 18893 | Lair:2   | Killed Urug
 19027 | Lair:2   | Reached XP level 14. HP: 113/126 MP: 13/13
 19123 | Lair:2   | Reached skill level 10 in Throwing
 19737 | Lair:2   | Found a runed translucent door.
 20590 | Lair:3   | Found a staircase to the Shoals.
 20654 | Lair:3   | Found a hole to the Spider Nest.
 21106 | Lair:3   | Identified the +2 pair of gloves of Weightlessness {rC+
                  | rN+++ Str-5 Int-5}
 21224 | Lair:4   | Found a viscous altar of Jiyva.
 21224 | Lair:4   | Found a staircase to the Slime Pits.
 21308 | Lair:4   | Found a large runed translucent door.
 21309 | Lair:4   | Found a large runed translucent door.
 21310 | Lair:4   | Noticed Conn's ghost (journeyman OpFE)
 21414 | Lair:4   | Killed Conn's ghost
 21655 | Lair:4   | Reached skill level 1 in Evocations
 21683 | Lair:4   | Received a gift from Trog
 22113 | Lair:5   | Entered Level 5 of the Lair of Beasts
 22570 | Lair:5   | Reached skill level 5 in Evocations
 22634 | Lair:5   | Reached skill level 12 in Armour
 22802 | Lair:5   | Reached XP level 15. HP: 133/133 MP: 14/14
 23452 | Lair:5   | Identified the +1 leather armour of Depression {rElec rF+
                  | SInv}
 24261 | D:5      | Bought a potion of cancellation for 104 gold pieces
 24299 | D:6      | Bought a pair of runed boots for 172 gold pieces
 24651 | D:13     | Found a gate to the Vaults.
 24732 | D:13     | Found an iron altar of Okawaru.
 24979 | D:13     | Reached skill level 13 in Armour
 24991 | D:13     | Identified the +0 leather armour "Nisteffe" {rN+ Str+4
                  | Int+4}
 25076 | D:13     | Identified the +0 pair of gloves of the Dwarven Hall {rF+
                  | Str+6}
 25385 | D:14     | Received a gift from Trog
 25530 | Abyss:2  | Found a corrupted altar of Lugonu.
 25530 | Abyss:2  | Cast into level 2 of the Abyss (a wizard)
 25791 | Abyss:2  | Noticed a bone dragon
 25823 | D:14     | Escaped the Abyss
 25939 | D:14     | Noticed Azrael
 25948 | D:14     | Killed Azrael
 26301 | D:15     | Entered Level 15 of the Dungeon
 26864 | D:15     | Reached skill level 15 in Axes
 26864 | D:15     | Reached XP level 16. HP: 87/139 MP: 8/15
 27134 | D:15     | Found a snail-covered altar of Cheibriados.
 27303 | D:15     | Found a staircase to the Depths.
 27658 | Orc:1    | Entered Level 1 of the Orcish Mines
 27658 | Orc:1    | Noticed Snorg
 27665 | Orc:1    | Killed Snorg
 27670 | Orc:1    | Received a gift from Trog
 27759 | Orc:1    | Noticed Gastronok
 27766 | Orc:1    | Killed Gastronok
 28085 | Orc:2    | Entered Level 2 of the Orcish Mines
 28424 | Orc:2    | Found Vugorig's Antique Armour Boutique.
 28445 | Orc:2    | Found Jeiz's Jewellery Shop.
 28929 | Orc:2    | Found a staircase to the Elven Halls.
 29303 | Orc:2    | Reached ****** piety under Trog
 29418 | Orc:2    | Found Olonavot's Antique Armour Emporium.
 29517 | Orc:2    | Identified the +13 eveningstar of the Moon {vorpal, rElec
                  | rF++ rC- Will+ Str-5} (Trog gifted it to you on level 2 of
                  | the Orcish Mines)
 29517 | Orc:2    | Received a gift from Trog
 29518 | Orc:2    | Found Uhasoixi's Distillery.
 29537 | Orc:2    | Bought a potion of heal wounds for 70 gold pieces
 29537 | Orc:2    | Bought a potion of berserk rage for 70 gold pieces
 29537 | Orc:2    | Bought a potion of heal wounds for 70 gold pieces
 29537 | Orc:2    | Bought a potion of mutation for 112 gold pieces
 30169 | Spider:1 | Entered Level 1 of the Spider Nest
 30681 | Spider:1 | You fall into a shaft and drop 1 floor!
 31415 | Spider:2 | Received a gift from Trog
 32060 | Spider:1 | Reached skill level 15 in Throwing
 33226 | Spider:2 | Reached XP level 17. HP: 136/146 MP: 13/16
 34671 | Spider:4 | Entered Level 4 of the Spider Nest
 35245 | Spider:4 | Received a gift from Trog
 35285 | Spider:4 | Reached skill level 10 in Evocations
 35684 | Spider:4 | Reached skill level 15 in Shields
 35849 | Spider:4 | Received a gift from Trog
 36055 | Spider:4 | Got a gossamer rune of Zot
 36575 | Shoals:1 | Entered Level 1 of the Shoals
 36692 | Shoals:1 | Reached XP level 18. HP: 107/157 MP: 10/17
 37021 | Shoals:1 | Got Sif Muna's Writings on Transmigration
 37049 | Shoals:1 | Found Zeped's Distillery.
 37050 | Shoals:1 | Found Silauti's Jewellery Emporium.
 37837 | Shoals:2 | Reached skill level 14 in Armour
 38322 | Shoals:3 | Found Simicetz's General Store.
 38334 | Shoals:3 | Received a gift from Trog
 38389 | Shoals:3 | Bought a scroll of teleportation for 36 gold pieces
 38389 | Shoals:3 | Bought a scroll of identify for 24 gold pieces
 38394 | Shoals:3 | Bought a throwing net for 36 gold pieces
 38397 | Shoals:4 | Entered Level 4 of the Shoals
 38482 | Shoals:2 | Found a stormy altar of Qazlal.
 39251 | Shoals:3 | Reached skill level 15 in Fighting
 39251 | Shoals:3 | Reached XP level 19. HP: 170/170 MP: 18/18
 39620 | Shoals:4 | Identified the +6 war axe "Beuq Yto" {vorpal, rElec} (Trog
                  | gifted it to you on level 4 of the Shoals)
 39620 | Shoals:4 | Received a gift from Trog
 39647 | Shoals:4 | Reached skill level 15 in Armour
 40279 | Shoals:4 | Identified the +1 robe of the Exiled Eyes {rF+ Dex+4
                  | Archmagi}
 40333 | Shoals:4 | Got a barnacled rune of Zot
 40375 | Shoals:4 | Identified 3 scrolls of acquirement
 40375 | Shoals:4 | Acquired the +3 crown of Dyrovepreva {rElec Int+2 SInv}
 40375 | Shoals:4 | Found the +3 crown of Dyrovepreva {rElec Int+2 SInv}
 40512 | Shoals:4 | Identified the +2 robe of the Sunfish {+Inv rF- Str+4
                  | Archmagi}
 40760 | Shoals:4 | Identified the +9 battleaxe "Buczupeugg" {vorpal, Fly rF-
                  | Will- Str+8}
 41052 | Elf:1    | Entered Level 1 of the Elven Halls
 41118 | Elf:1    | Received a gift from Trog
 41119 | Elf:1    | Noticed Asterion
 41121 | Elf:1    | Killed Asterion
 41122 | Elf:1    | Reached skill level 16 in Armour
 41122 | Elf:1    | Reached XP level 20. HP: 151/180 MP: 17/19
 41304 | Elf:1    | Found Ekurid's Jewellery Shoppe.
 41306 | Elf:1    | Found Woes's Magic Scroll Emporium.
 41308 | Elf:1    | Found Fuonnab's General Store.
 41321 | Elf:1    | Bought an amulet of regeneration for 480 gold pieces
 41330 | Elf:1    | Bought a scroll of teleportation for 36 gold pieces
 41330 | Elf:1    | Bought a potion of invisibility for 96 gold pieces
 41359 | Elf:2    | Reached skill level 15 in Dodging
 41380 | Elf:2    | Received a gift from Trog
 41427 | Elf:2    | Found a magical portal.
 41452 | WizLab   | Entered Doroklohe's Tomb
 41880 | Elf:3    | Entered Level 3 of the Elven Halls
 41938 | Elf:2    | Found Cebutu's Self-Improvement Boutique.
 41986 | Elf:2    | Reached skill level 17 in Armour
 42005 | Elf:2    | Bought a manual of Armour for 1360 gold pieces
 42292 | Elf:2    | Found a huge runed translucent gate.
 42292 | Elf:2    | Found a huge runed translucent gate.
 42292 | Elf:2    | Found a huge runed translucent gate.
 42310 | Elf:2    | Found a huge runed translucent gate.
 42311 | Elf:2    | Found a huge runed translucent gate.
 42360 | Elf:2    | Received a gift from Trog
 42369 | Elf:2    | Reached skill level 18 in Armour
 42955 | Elf:3    | Noticed Mara
 42968 | Elf:3    | Killed Mara
 43383 | Elf:3    | Reached skill level 19 in Armour
 43460 | Elf:3    | Found Korgh's Vocational Training.
 43714 | Elf:3    | Killed from afar by a deep elf annihilator

Illustrated notes

Levels and vault maps discovered:
D:1:      tarquinn_simple_flora_water_e, layout_rooms,
          shapermc_ecumenical_altar_mp_ritualfount, hangedman_decor_riveting,
          grunt_decor_mini_mirrors, serial_park_tiny_2,
          nicolae_figureground_pulse
D:2:      kennysheep_big_flooded_room, layout_basic
D:3:      layout_loops_ring, lemuel_round_altar, ebering_ghost_reflecting_pool,
          minmay_fountain_box, minmay_tree_intersection, corexii_hall_statues_l,
          uniq_grinder
D:4:      layout_cave_pools, mainiacjoe_overflow_24_doors,
          lemuel_temple_firewalk_a, serial_shops, shop_fountains,
          nicolae_shop_waterfront, kennysheep_mini_moat,
          nicolae_shop_overcharged_wands, uniq_duvessa, uniq_edmund
D:5:      layout_rooms, general_overflow_altar, jmf_multi_god_temple2,
          serial_shops, nicolae_shop_competitors_out_of_business, minivault_11,
          kb_lookout_dungeons_type, nicolae_shop_i_like_big_books
D:6:      layout_basic, gup_sewer_entry_pipe, serial_shops,
          nicolae_inconvenience_store,
          nicolae_shop_temple_entry_statues_fountains,
          nicolae_shop_hallway_stairs, nicolae_take_the_stairs,
          nicolae_shop_temple_entry_statues_fountains
D:7:      nzn_winding_woodlands_stair_cross [nzn_winding_woodlands_5x15_eye,
          nzn_winding_woodlands_center_garden,
          nzn_winding_woodlands_5x15_longhouse,
          nzn_winding_woodlands_5x5_closed_star,
          nzn_winding_woodlands_5x5_checkerboard,
          nzn_winding_woodlands_5x15_lazy_stream,
          nzn_winding_woodlands_center_diamonds,
          nzn_winding_woodlands_5x15_pathside_ponds], layout_basic,
          mainiacjoe_overflow_concentric_impassable, makhleb_altar_promises_db,
          minmay_nine_imps
D:8:      layout_cave_pools, enter_ossuary_2, kennysheep_generic_room_10
D:9:      layout_rooms, lemuel_tele_altar
D:10:     layout_rooms, erik_orc_2, special_room [special_room_bee]
D:11:     layout_basic, erik_lair_island
D:12:     cheibrodos_helix_gallery, layout_grid_maze,
          portal_ice_cave_entry_ice_simulacra, bloody_trog
D:13:     evilmike_iron_armoury, layout_cave_pools, erik_vaults_2,
          roderic_batcave
D:14:     layout_roguey, chequers_decorated_corner, uniq_azrael
D:15:     hangedman_depths_entry_try_elsewhere_first, layout_cave_pools,
          serial_park, serial_park_square1 [serial_park_minivault_5x5_5],
          serial_park_square3 [serial_park_minivault_5x5_5],
          minmay_strange_pillars, kennysheep_slug_shrine
Lair:1:   layout_cave_pods, nzn_sisyphean_effort, serial_bayou_shore_a,
          grunt_megastairs_5
Lair:2:   gammafunk_lair_enchanted_lake, layout_cave_pods, uniq_urug
Lair:3:   beast_lair_carwin_large_3, layout_cave_shapes, shoals_dummy_entry,
          spider_nest_entry_webs, infiniplex_staircase_pool, lemuel_fruit_tree,
          serial_bayou_shore_b, serial_bayou_shore_b
Lair:4:   layout_roguey, minmay_slime_entry_pillars, ebering_ghost_disaster_area
Lair:5:   gammafunk_lair_ancient_temple, layout_gridlike, minmay_hedge_maze,
          nicolae_lair_lakeside_cave
Shoals:1: layout_shoals, serial_shops, shop, nicolae_lakefront_shop
Shoals:2: layout_shoals, lemuel_altar_in_water, st_sunken_temple
Shoals:3: layout_shoals, serial_shops, nicolae_stop_n_shop_2
Shoals:4: shoals_end_hellmonk_lost_city, serial_shops
Spider:1: layout_chambers
Spider:2: layout_spider_delve
Spider:3: layout_cave_pods, nicolae_spider_nooks_and_crannies
Spider:4: hellmonk_spider_rune_endless_swarm
Orc:1:    layout_caves, uniq_gastronok, uniq_snorg
Orc:2:    pubby_orc_utopia
Elf:1:    eino_elf_arrival_shootout, layout_geoelf_diagonals,
          minmay_elf_annihilation, st_stairs_13, minmay_shop_star,
          uniq_asterion, uniq_kirke
Elf:2:    elven_hall_of_blades_hangedman_alternative
          [nicolae_blade_entry_floor_patterns], layout_loops_ring,
          lightli_enter_wizlab_magi_temple, corexii_hall_statues_deadend,
          fountainhead, nicolae_shop_self_help
Elf:3:    minmay_elf_hall_dome, layout_gridlike, minivault_26,
          nicolae_shop_vocational, uniq_mara

Skill      XL: |  1  2  3  4  5  6  7  8  9 10 11 12 13 14 15 16 17 18 19 20 |
---------------+-------------------------------------------------------------+-----
Axes           | 4 5 6 7 8 12 13 15 17 | 17.2
Throwing       | 1 2 3 4 6 8 9 12 15 16 | 16.0
Maces & Flails | 3 7 8 |  8.8
Fighting       | 5 8 10 12 13 15 16 | 16.0
Armour         | 4 7 10 11 12 13 14 16 19 | 19.4
Dodging        | 4 7 9 10 11 12 13 14 16 | 16.8
Shields        | 7 10 12 14 15 16 | 16.0
Evocations     | 6 10 | 10.0

Action                   |  1- 3 |  4- 6 |  7- 9 | 10-12 | 13-15 | 16-18 | 19-21 || total
-------------------------+-------+-------+-------+-------+-------+-------+-------++-------
Melee: Hand axe          |    58 |       |       |       |       |       |       ||    58
       Headbutt          |    11 |     3 |    65 |   133 |   279 |   262 |    81 ||   834
       Punch             |     1 |       |       |       |       |       |       ||     1
       War axe           |     4 |    45 |     1 |     3 |       |       |       ||    53
       Dire flail        |       |       |   358 |   487 |       |       |       ||   845
       Lajatang          |       |       |       |    27 |       |       |       ||    27
       Broad axe         |       |       |       |    92 |   964 |  1109 |   401 ||  2566
Throw: Dart              |       |       |     6 |     5 |     5 |     1 |       ||    17
       Boomerang         |       |       |     7 |    95 |    67 |    58 |   105 ||   332
       Javelin           |       |       |       |       |    26 |   100 |    33 ||   159
Invok: Berserk           |     1 |     4 |     3 |    14 |    13 |     5 |     2 ||    42
       Brothers in Arms  |       |       |       |     1 |     8 |     6 |     5 ||    20
       Trog's Hand       |       |       |       |       |     6 |     7 |     6 ||    19
Evoke: Wand              |       |       |       |     8 |     2 |     1 |     5 ||    16
  Use: Scroll            |       |       |     3 |    11 |    10 |    11 |    12 ||    47
       Potion            |       |       |     1 |     5 |     5 |     9 |     4 ||    24
 Stab: Invisible         |       |       |       |       |     5 |       |       ||     5
       Distracted        |       |       |       |       |       |     1 |     1 ||     2
Armor: Ring mail         |    21 |       |       |       |       |       |       ||    21
       Animal skin       |     1 |       |       |       |       |       |       ||     1
       Scale mail        |     3 |    23 |   132 |   126 |    25 |       |       ||   309
       Storm dragon scal |       |       |       |   109 |   304 |   366 |    25 ||   804
       Crystal plate arm |       |       |       |       |       |       |   141 ||   141
       Skin              |       |       |       |       |       |       |    15 ||    15
Dodge: Dodged            |    44 |    20 |   154 |   489 |   419 |   418 |   179 ||  1723
Block: Buckler           |       |       |       |    13 |    20 |       |       ||    33
       Kite shield       |       |       |       |       |   602 |   743 |   284 ||  1629
